 Dungeon Crawl Stone Soup version 0.30-a0-719-gcc4359ea44 (webtiles) character file.

Game seed: 9546152441917399524

4911 Pooter the Cleaver (level 10, 0/94 HPs)
             Began as a Minotaur Fighter on Jan 26, 2023.
             Was an Initiate of Okawaru.
             Slain by a death yak (8 damage)
             ... on level 9 of the Dungeon on Jan 27, 2023.
             The game lasted 00:39:51 (8307 turns).

Pooter the Cleaver (Minotaur Fighter)               Turns: 8307, Time: 00:39:51

Health: 0/94       AC: 10    Str: 30    XL:     10   Next: 27%
Magic:  9/9        EV: 10    Int:  5    God:    Okawaru [......]
Gold:   231        SH:  0    Dex: 11    Spells: 9/9 levels left

rFire   . . .      SeeInvis .    a - +2 war axe (flame)
rCold   . . .      Faith    .    (no shield)
rNeg    . . .      Spirit   .    L - +1 swamp dragon scales
rPois   +          Reflect  .    (helmet restricted)
rElec   .          Harm     .    r - scarf {+Inv}
rCorr   .          Rampage  .    D - +0 pair of gloves
Will    .....                    (no boots)
Stlth   +                        (no amulet)
HPRegen 0.35/turn                o - +4 ring of slaying
MPRegen 0.11/turn                I - +6 ring of strength

@: no status effects
A: horns 2, retaliatory headbutt
a: Renounce Religion, Evoke Invisibility


You were on level 9 of the Dungeon.
You worshipped Okawaru.
Okawaru was noncommittal.
You visited 2 branches of the dungeon, and saw 10 of its levels.

You collected 401 gold pieces.
You spent 170 gold pieces at shops.

Inventory:

Hand Weapons
 a - a +2 war axe of flaming (weapon)
   (You took it off Maggie on level 8 of the Dungeon)
 b - a +0 shortbow of electrocution
   (You took it off a centaur on level 8 of the Dungeon)
 s - a +2 mace of draining
   (You took it off an orc on level 3 of the Dungeon)
 v - a +0 hand axe of flaming
   (You took it off an orc on level 3 of the Dungeon)
 y - a +0 trident
   (You found it on level 3 of the Dungeon)
 A - a +2 flail of holy wrath
   (You took it off an orc on level 4 of the Dungeon)
 K - a +2 war axe
 N - a +5 halberd
   (You took it off a wight on level 8 of the Dungeon)
Missiles
 l - 8 boomerangs (quivered)
 H - 21 poisoned darts
 Q - 101 stones
Armour
 c - a +0 buckler
 r - a scarf of invisibility (worn)
   (You found it on level 3 of the Dungeon)
 D - a +0 pair of gloves (worn)
   (You found it on level 4 of the Dungeon)
 F - a +1 chain mail
   (You took it off a hobgoblin on level 3 of the Dungeon)
 L - +1 swamp dragon scales (worn)
   (You took it off Maggie on level 8 of the Dungeon)
Jewellery
 o - a +4 ring of slaying (left hand)
   (You found it on level 2 of the Dungeon)
 I - a +6 ring of strength (right hand)
   (You found it on level 5 of the Dungeon)
 M - a +5 ring of evasion
   (You found it on level 8 of the Dungeon)
Wands
 f - a wand of flame (8)
   (You bought it in a shop on level 5 of the Dungeon)
 u - a wand of paralysis (9)
   (You found it on level 3 of the Dungeon)
 O - a wand of mindburst (15)
   (You took it off an orc on level 8 of the Dungeon)
Scrolls
 d - 2 scrolls of blinking
 j - a scroll of immolation {!r}
 k - 2 scrolls of fear
 n - a scroll of poison {!r}
 q - 2 scrolls of enchant armour
 t - a scroll of teleportation {@r4}
 w - 4 scrolls of magic mapping
 x - a scroll of silence
 B - 4 scrolls of vulnerability {!r}
 C - a scroll of torment {!r}
 J - a scroll of noise {unknown}
Potions
 e - 2 potions of curing {@q1}
 g - 3 potions of flight
 h - 3 potions of heal wounds {unknown}
 i - 2 potions of mutation {unknown}
 m - a potion of resistance {unknown}
 p - a potion of attraction {unknown}
 z - 2 potions of invisibility {unknown}
 E - a potion of haste {unknown}
 G - a potion of ambrosia {unknown}


   Skills:
 + Level 10.4 Fighting
 * Level 13.7 Axes
 * Level 2.5 Ranged Weapons
 - Level 3.6 Armour
 - Level 4.0 Shields
 + Level 4.2 Evocations


You had 9 spell levels left.
You didn't know any spells.
Your spell library contained the following spells:

 Spells                   Type           Power      Damage    Failure   Level
 Static Discharge         Conj/Air       0%         2-2/arc   75%         2
 Inner Flame              Hex/Fire       0%         N/A       92%         3
 Vhi's Electric Charge    Tloc/Air       0%         N/A       92%         3
 Flame Wave               Conj/Fire      0%         2d4       100%        4
 Sticky Flame             Conj/Fire      0%         2d3       100%        4
 Arcjolt                  Conj/Air       0%         1d10      100%        5
 Lightning Bolt           Conj/Air       0%         1d11      100%        5
 Eringya's Noxious Bog    Tmut/Pois      0%         N/A       100%        6
 Summon Forest            Summ/Tloc      Unusable   N/A       N/A         5
 Summon Hydra             Summ           Unusable   N/A       N/A         7

Dungeon Overview and Level Annotations

Branches:
Dungeon (9/15)             Temple (1/1) D:7            Lair (0/5) D:8
    Orc: D:9-12

Altars:
Ashenzari
Dithmenos
Elyvilon
Gozag
Hepliaklqana
Kikubaaqudgha
Makhleb
Nemelex Xobeh
Okawaru
Qazlal
Ru
Sif Muna
Trog
Uskayaw
Vehumet
Wu Jian
Xom
Yredelemnul
Zin

Shops:
D:5 *


Innate Abilities, Weirdness & Mutations

You have a pair of horns on your head.
You reflexively headbutt those who attack you in melee.


Message History

It stops crackling.
The centaur closely misses you. The centaur kicks you.
The centaur barely misses you. You furiously retaliate!
You headbutt the centaur!
The centaur kicks you but does no damage.
You hit the centaur. You burn the centaur. You headbutt the centaur.
The centaur hits you.
The centaur kicks you but does no damage.
You slash the centaur! You burn the centaur.
You kill the centaur!
Okawaru accepts your kill.
You now have 231 gold pieces (gained 12).
You see here a +0 shortbow of electrocution.
P - a +0 shortbow of electrocution Adjust to which letter? (? for menu, Esc to quit)
b - a +0 shortbow of electrocution;
P - a +0 shortbow You drop a +0 shortbow.
You pick up a Fen Folio and begin reading...
You add the spell Eringya's Noxious Bog to your library.
The death yak bellows! x2
The death yak attacks as you move away! The death yak misses you.
There is a stone staircase leading down here.
The death yak gores you!
You climb downwards.
Found a twisted smoking staff and 11 gold pieces.
Found a stone staircase leading up.
There is a stone staircase leading up here.
You hit the death yak. You burn the death yak. You headbutt the death yak!
The death yak gores you!
* * * LOW HITPOINT WARNING * * *
You hit the death yak. You burn the death yak. You headbutt the death yak!
You punch the death yak.
Unknown command.
You slash the death yak! You burn the death yak!
You headbutt the death yak, but do no damage.
You punch the death yak, but do no damage.
The death yak gores you!!
* * * LOW HITPOINT WARNING * * *
You hit the death yak but do no damage. You headbutt the death yak!
You punch the death yak, but do no damage.
The death yak gores you but does no damage.
Unknown command.
You hit the death yak. You burn the death yak.
The death yak gores you but does no damage.
Unknown command.
You hit the death yak. You burn the death yak. The death yak gores you!
* * * LOW HITPOINT WARNING * * *
You slash the death yak! You burn the death yak.
You headbutt the death yak, but do no damage.
The death yak gores you!
You die...

# ##.#######
#........#
#........#
#.<....@Y#
......|....#
#.....#..#.#
#.$...##..
.. ##### #..
## #.. #..
#.#


You could see a death yak.

Vanquished Creatures
  2 two-headed ogres
  Maggie (D:8)
  A yak (D:4)
  An acid dragon (D:5)
  2 water moccasins (D:5)
  3 sky beasts
  3 black bears
  3 ice beasts
  An ogre (D:5)
  2 centaurs
  A phantom (D:4)
  A kobold brigand (D:8)
  2 bullfrogs
  2 scorpions (D:6)
  2 necrophages (D:7)
  7 wights
  A howler monkey (D:8)
  4 orc priests
  4 hounds
  3 jellies
  4 iguanas
  A hell rat (D:8)
  8 orc wizards
  5 gnolls
  12 adders
  A river rat (D:8)
  A shadow imp (D:5)
  A white imp (D:6)
  An ufetubus (D:2)
  4 worms
  3 dart slugs
  40 orcs
  3 ball pythons
  8 endoplasms
  6 giant cockroaches
  7 goblins
  15 hobgoblins
  4 jackals (D:2)
  16 kobolds
  8 quokkas
  7 bats
  7 frilled lizards
  14 rats
222 creatures vanquished.

Vanquished Creatures (others)
  5 plants (D:2)
  8 withered plants (D:2)
13 creatures vanquished.

Grand Total: 235 creatures vanquished

Notes
Turn   | Place    | Note
-------+----------+-------------------------------------------
     0 | D:1      | Pooter the Minotaur Fighter began the quest for the Orb.
     0 | D:1      | Reached XP level 1. HP: 19/19 MP: 0/0
    71 | D:1      | Reached skill level 3 in Axes
   140 | D:1      | Reached XP level 2. HP: 24/27 MP: 1/1
   285 | D:1      | You fall into a shaft and drop 1 floor!
   353 | D:1      | Reached XP level 3. HP: 33/33 MP: 2/2
   462 | D:1      | Reached skill level 4 in Axes
   941 | D:2      | Found a faded altar of an unknown god.
  1064 | D:2      | Reached XP level 4. HP: 40/41 MP: 3/3
  1706 | D:3      | Reached skill level 5 in Axes
  2015 | D:3      | Found a shimmering altar of Xom.
  2124 | D:3      | Reached XP level 5. HP: 46/47 MP: 4/4
  2432 | D:4      | Reached skill level 5 in Fighting
  2538 | D:4      | Noticed a phantom
  2545 | D:4      | Killed a phantom
  2546 | D:4      | Reached skill level 6 in Axes
  2546 | D:4      | Reached XP level 6. HP: 55/56 MP: 5/5
  3481 | D:5      | Entered Level 5 of the Dungeon
  3488 | D:5      | Reached skill level 7 in Axes
  3519 | D:5      | Found Zoroewem's Assorted Antiques.
  3524 | D:5      | Bought an inky potion for 19 gold pieces
  3524 | D:5      | Bought a scroll of identify for 44 gold pieces
  3524 | D:5      | Bought a sapphire potion for 19 gold pieces
  3570 | D:5      | Noticed a water moccasin
  3575 | D:5      | Killed a water moccasin
  3576 | D:5      | Reached skill level 8 in Axes
  3576 | D:5      | Reached XP level 7. HP: 58/64 MP: 6/6
  3636 | D:5      | Noticed a yak
  4030 | D:4      | Killed a yak
  4031 | D:4      | Reached skill level 9 in Axes
  4112 | D:5      | HP: 2/66 [acid dragon (5)]
  4114 | D:5      | Reached XP level 8. HP: 2/73 MP: 7/7
  4535 | D:5      | Noticed a two-headed ogre
  4545 | D:5      | Killed a two-headed ogre
  4546 | D:5      | Reached skill level 11 in Axes
  4752 | D:5      | Reached skill level 1 in Evocations
  4992 | D:5      | Bought a gold wand for 88 gold pieces
  5045 | D:5      | Reached XP level 9. HP: 82/82 MP: 8/8
  5075 | D:5      | Found a glowing silver altar of Zin.
  5533 | D:6      | Reached skill level 12 in Axes
  5597 | D:6      | Found an ancient bone altar of Kikubaaqudgha.
  6301 | D:7      | Noticed a two-headed ogre
  6312 | D:7      | Killed a two-headed ogre
  6313 | D:7      | Reached skill level 10 in Fighting
  6313 | D:7      | Reached skill level 13 in Axes
  6427 | D:7      | Reached XP level 10. HP: 93/93 MP: 9/9
  6571 | D:7      | Found a staircase to the Ecumenical Temple.
  6590 | Temple   | Entered the Ecumenical Temple
  6717 | Temple   | Became a worshipper of Warmaster Okawaru
  7055 | D:8      | Noticed a death yak
  7102 | D:8      | Noticed Maggie
  7109 | D:8      | Killed Maggie
  7110 | D:8      | Reached skill level 1 in Ranged Weapons
  7768 | D:8      | Noticed a death yak
  7769 | D:8      | Noticed a death yak
  7771 | D:8      | Found a staircase to the Lair.
  8307 | D:9      | Slain by a death yak

Illustrated notes

Levels and vault maps discovered:
D:1:      dpeg_arrival_castle, layout_loops_cross
D:2:      layout_loops_ring, shapermc_ecumenical_altar_flowoftime
D:3:      wad_pebble_path, layout_basic, tgw_xom
D:4:      layout_basic
D:5:      cheibrodos_fzero, layout_gridville, zin_treasury, serial_shops, shop
D:6:      layout_loops_ring, lemuel_round_altar, minivault_14
D:7:      layout_basic, minmay_temple_entry_grid
D:8:      layout_cave_pools, dpeg_lair_monsters, hex_medium, uniq_maggie
D:9:      layout_roguey, fedhas_bush_and_centaur_altar, serial_bayou,
          serial_bayou_crossing, serial_bayou_pond_a, serial_bayou_pond_a,
          serial_bayou_pond_a, minmay_parallelograms, lightli_orcish_oven,
          uniq_maurice
Temple:   regret_index_temple_sphere_string

Skill      XL: |  1  2  3  4  5  6  7  8  9 10 |
---------------+-------------------------------+-----
Axes           | 3 4 5 6 8 9 11 13 | 13.7
Fighting       | 4 5 6 7 8 10 | 10.4
Shields        | 4 |  4.0
Evocations     | 1 3 4 |  4.2
Ranged Weapons | 2 |  2.5
Armour         | |  3.6

Action                     |  1- 3 |  4- 6 |  7- 9 | 10-12 || total
---------------------------+-------+-------+-------+-------++-------
  Melee: War axe           |   109 |   106 |   144 |    44 ||   403
         Headbutt          |    13 |    16 |    27 |    14 ||    70
         Punch             |       |       |       |     3 ||     3
   Fire: Shortbow          |       |       |       |    77 ||    77
  Throw: Boomerang         |       |     2 |     7 |       ||     9
         Stone             |       |     2 |       |       ||     2
         Dart              |       |     1 |    15 |       ||    16
  Evoke: Wand              |       |       |     9 |     3 ||    12
    Use: Scroll            |     1 |     5 |     8 |     1 ||    15
         Potion            |       |     1 |     1 |     1 ||     3
   Stab: Paralysed         |       |       |     8 |     3 ||    11
 Armour: Scale mail        |    48 |       |       |       ||    48
         Ring mail         |     7 |    17 |       |       ||    24
         Chain mail        |       |    25 |    71 |     9 ||   105
         Swamp dragon scal |       |       |       |    25 ||    25
  Dodge: Dodged            |    45 |    45 |    42 |    35 ||   167
  Block: Buckler           |    19 |    13 |    27 |     1 ||    60

Table legend: (Time is in decaauts)
 A = Elapsed time spent in this place.
 B = Non-inter-level travel time spent in this place.
 C = Inter-level travel time spent in this place.
 D = Time resting spent in this place.
 E = Time spent auto-exploring this place.
 F = Levels seen in this place.
 G = Mean time per level.
                   A        B        C        D        E       F      G
               +--------+--------+--------+--------+--------+-----+--------+
         Total |   8407 |   8016 |    391 |   1643 |   4609 |  10 |  840.7 |
       Dungeon |   8251 |   7887 |    364 |   1643 |   4503 |   9 |  916.8 |
        Temple |    155 |    128 |     27 |      0 |    106 |   1 |  155.0 |
               +--------+--------+--------+--------+--------+-----+--------+

Top non-repeatable levels by time:
     D:4: 1880 daAuts
     D:7: 1163 daAuts
     D:5: 1103 daAuts
     D:8: 991 daAuts
     D:3: 921 daAuts
     D:1: 742 daAuts
     D:2: 723 daAuts
     D:6: 720 daAuts
  Temple: 155 daAuts
     D:9: 5 daAuts
